 Dungeon Crawl Stone Soup version 0.28.0-49-g6dfe1f597d (webtiles) character file.

Game seed: 9140659574817836997

778 klau3 the Chopper (level 7, -1/91 HPs)
             Began as a Minotaur Berserker on May 17, 2022.
             Was a Believer of Trog.
             Killed from afar by Dowan (19 damage)
             ... with a shard of ice
             ... on level 4 of the Dungeon.
             The game lasted 00:07:02 (3995 turns).

klau3 the Chopper (Minotaur Berserker)              Turns: 3995, Time: 00:07:03

Health: -1/91      AC:  6    Str: 24    XL:     7   Next: 54%
Magic:  6/6        EV: 11    Int:  4    God:    Trog [**....]
Gold:   159        SH:  0    Dex:  9    Spells: 6/6 levels left

rFire   . . .      SeeInvis .   a - +0 hand axe
rCold   . . .      Faith    .   (no shield)
rNeg    . . .      Spirit   .   e - +0 ring mail
rPois   .          Reflect  .   (helmet restricted)
rElec   .          Harm     .   (no cloak)
rCorr   .          Rampage  .   (no gloves)
Will    +....                   (no boots)
Stlth   ..........              (no amulet)
HPRegen 0.25/turn               i - ring of willpower
MPRegen 0.10/turn               (no ring)

@: berserking (expiring), very quick
A: horns 2, retaliatory headbutt
a: Renounce Religion, Berserk, Trog's Hand


You were on level 4 of the Dungeon.
You worshipped Trog.
Trog was pleased with you.
You visited 1 branch of the dungeon, and saw 5 of its levels.

You collected 159 gold pieces.

Inventory:

Hand Weapons
 a - a +0 hand axe (weapon)
 s - the +7 dagger "Ixoy" {distort, Will++ Dex+4}
   (You found it on level 3 of the Dungeon)

   It warps and distorts space around it, and may blink, banish, or inflict
   extra damage upon those it strikes.
   Unwielding it can cause banishment or high damage.
   Dex:       It affects your dexterity (+4).
   Will:      It greatly increases your willpower.
Missiles
 f - 2 boomerangs (quivered)
 q - 6 poisoned darts
Armour
 b - a +0 animal skin
 e - a +0 ring mail (worn)
 y - a +0 pair of gloves
Jewellery
 i - a ring of willpower (left hand)
 u - a +6 ring of dexterity
Scrolls
 c - a scroll of torment {unknown}
 d - 2 scrolls of fog {unknown}
 g - 2 scrolls of teleportation {unknown}
 l - a scroll of vulnerability {unknown}
 p - a scroll of magic mapping {unknown}
 v - a scroll of immolation {unknown}
 w - a scroll of identify {unknown}
Potions
 h - a potion of attraction {unknown}
 j - a potion of heal wounds {unknown}
 k - a potion of degeneration {unknown}
 m - 2 potions of curing {unknown}
 n - a potion of berserk rage {unknown}
 o - a potion of cancellation {unknown}
 r - a potion of haste {unknown}
 t - 2 potions of mutation {unknown}
 x - a potion of ambrosia {unknown}
 z - a potion of brilliance {unknown}


   Skills:
 + Level 5.4 Fighting
 + Level 7.7 Axes
 + Level 5.8 Armour
 + Level 3.5 Dodging
 + Level 0.5 Stealth


You had 6 spell levels left.
You didn't know any spells.
Your spell library was empty.

Dungeon Overview and Level Annotations

Branches:
Dungeon (5/15)             Temple (0/1) D:5

Altars:
Kikubaaqudgha

Annotations:
D:4 Dowan


Innate Abilities, Weirdness & Mutations

You have a pair of horns on your head.
You reflexively headbutt those who attack you in melee.


Message History

The puff of flame misses you.
A red film seems to cover your vision as you go berserk!
You feel yourself moving faster!
You feel mighty! Duvessa hits you with a +0 short sword.
* * * LOW HITPOINT WARNING * * *
Dowan closely misses you.
You closely miss Dowan. Your headbutt misses Dowan. You barely miss Duvessa.
Duvessa hits you but does no damage.
You hit Duvessa.
Duvessa is severely wounded.
You hit Dowan.
Dowan says, "Magic and the sword, together, will defeat you."
Dowan hits you but does no damage. Duvessa barely misses you.
You hit Duvessa.
Duvessa is severely wounded.
You completely miss Dowan. Dowan hits you with a +0 dagger.
* * * LOW HITPOINT WARNING * * *
Duvessa barely misses you.
You hit Duvessa.
Duvessa is almost dead.
You hit Dowan. You slash Duvessa!
You kill Duvessa!
Trog accepts your kill.
Dowan seems overcome with grief.
Dowan seems to find hidden reserves of power!
You hit Dowan but do no damage. Dowan closely misses you.
You closely miss Dowan.
Dowan is moderately wounded.
Dowan hits you with a +0 dagger.
* * * LOW HITPOINT WARNING * * *
You closely miss Dowan. Your headbutt misses Dowan.
Dowan is moderately wounded.
Dowan closely misses you.
A hobgoblin comes into view. It is wielding a +0 club.
You slash Dowan! You punch Dowan.
Dowan is almost dead.
Dowan points at you and mumbles some strange words.
The shard of ice hits you!!
You die...

#.###<..###.#
#>.))...#..(#
######.)...#
............# ..
#######.....## ...
###...!##.... #
#...........
....####.e#).......
..........@..##....
##########...# ....
#.#..# #.#..#
#.#.... #.#.....
......... #.# ...g


You could see Dowan (fast) and a hobgoblin.

Vanquished Creatures
  Grinder (D:3)
  Duvessa (D:4)
  A black bear (D:2)
  A howler monkey (D:4)
  The ghost of DrIncompetent the Conjurer, a weakling OpCj of Gozag (D:3)
  2 quasits (D:3)
  A jelly (D:5)
  An orc priest (D:4)
  A bullfrog skeleton (D:5)
  A centaur skeleton (D:4)
  An orc wizard (D:4)
  A hound skeleton (D:4)
  5 adders
  A white imp (D:5)
  An ufetubus (D:4)
  A worm (D:2)
  A dart slug (D:2)
  2 orcs (D:4)
  4 bats
  2 endoplasms (D:1)
  A giant cockroach (D:1)
  12 goblins
  5 hobgoblins
  2 jackals (D:2)
  2 quokkas (D:2)
  4 ball pythons
  2 frilled lizards (D:2)
  3 kobolds
  4 rats (D:2)
65 creatures vanquished.

Notes
Turn   | Place    | Note
-------+----------+-------------------------------------------
     0 | D:1      | klau3 the Minotaur Berserker began the quest for the Orb.
     0 | D:1      | Reached XP level 1. HP: 19/19 MP: 0/0
   859 | D:1      | Reached skill level 4 in Axes
   923 | D:1      | Reached XP level 2. HP: 24/27 MP: 1/1
  1233 | D:1      | Found a faded altar of an unknown god.
  1768 | D:2      | Reached XP level 3. HP: 25/33 MP: 2/2
  1971 | D:2      | Reached ** piety under Trog
  2493 | D:2      | Reached XP level 4. HP: 40/40 MP: 3/3
  2714 | D:2      | Noticed a black bear
  2722 | D:2      | Killed a black bear
  2723 | D:2      | Reached skill level 5 in Axes
  2723 | D:2      | Reached XP level 5. HP: 47/47 MP: 4/4
  2835 | D:3      | Noticed Grinder
  2836 | D:3      | Paralysed by Grinder for 2 turns
  2843 | D:3      | Found an ancient bone altar of Kikubaaqudgha.
  2845 | D:3      | Paralysed by Grinder for 6 turns
  3121 | D:3      | Killed Grinder
  3122 | D:3      | Reached skill level 5 in Fighting
  3122 | D:3      | Reached skill level 6 in Axes
  3122 | D:3      | Reached XP level 6. HP: 56/56 MP: 5/5
  3129 | D:3      | Identified the +7 dagger "Ixoy" {distort, Will++ Dex+4}
  3298 | D:3      | Found a transporter.
  3300 | D:3      | Noticed DrIncompetent's ghost (weakling OpCj)
  3318 | D:3      | Found a transporter.
  3386 | D:3      | Killed DrIncompetent's ghost
  3484 | D:3      | You fall into a shaft and drop 2 floors!
  3484 | D:5      | Entered Level 5 of the Dungeon
  3513 | D:5      | Found a staircase to the Ecumenical Temple.
  3530 | D:5      | Reached skill level 5 in Armour
  3719 | D:5      | Reached XP level 7. HP: 59/61 MP: 6/6
  3928 | D:4      | Reached skill level 7 in Axes
  3961 | D:4      | Noticed Duvessa
  3965 | D:4      | Noticed Dowan
  3992 | D:4      | Killed Duvessa
  3995 | D:4      | Killed from afar by Dowan

Illustrated notes

Levels and vault maps discovered:
D:1:      dpeg_arrival_three_bigger_balls, layout_loops_corners,
          shapermc_ecumenical_altar_mp_ritualfount, minmay_pentomino_v2
D:2:      layout_basic
D:3:      layout_loops_ring, nicolae_kikubaaqudgha_miasma_corner,
          gammafunk_ghost_stat_death, uniq_grinder
D:4:      minmay_razor_zed, layout_rooms, uniq_duvessa, uniq_crazy_yiuf_cottage
D:5:      layout_cave_pools, minmay_temple_entry_trees, minmay_small_thing

Skill      XL: |  1  2  3  4  5  6  7 |
---------------+----------------------+-----
Axes           | 4 5 6 7 |  7.7
Fighting       | 4 5 |  5.4
Armour         | 3 4 5 |  5.8
Dodging        | 3 |  3.5
Stealth        | |  0.5

Action                   |  1- 3 |  4- 6 |  7- 9 || total
-------------------------+-------+-------+-------++-------
Melee: Hand axe          |    66 |    42 |    46 ||   154
       Headbutt          |     8 |     2 |     4 ||    14
       Punch             |       |     1 |     1 ||     2
Invok: Berserk           |     2 |     5 |     2 ||     9
       Trog's Hand       |       |       |     1 ||     1
Armor: Animal skin       |     2 |       |       ||     2
       Ring mail         |    17 |    30 |    12 ||    59
Dodge: Dodged            |    50 |    48 |    33 ||   131
